 Dungeon Crawl Stone Soup version 0.29.1-1-gd02db6906a (webtiles) character file.

Game seed: 8501545547182753608

1454 groovy9 the Skirmisher (level 8, 0/55 HPs)
             Began as a Minotaur Hunter on Sept 15, 2022.
             Was a Believer of Hepliaklqana.
             Slain by an orc warrior
             ... wielding a +0 trident
              (16 damage)
             ... on level 5 of the Dungeon.
             The game lasted 00:17:50 (4983 turns).

groovy9 the Skirmisher (Minotaur Hunter)            Turns: 4983, Time: 00:17:51

Health: 0/55       AC:  6    Str: 16 (17) XL:     8   Next: 47%
Magic:  10/10      EV: 12    Int:  3 (6)  God:    Hepliaklqana [**....]
Gold:   468        SH:  0    Dex: 14 (15) Spells: 7/9 levels left

rFire   . . .      SeeInvis .   a - +1 shortbow
rCold   . . .      Faith    .   (shield currently unavailable)
rNeg    . . .      Spirit   .   c - +1 leather armour
rPois   .          Reflect  .   (helmet restricted)
rElec   .          Harm     .   (no cloak)
rCorr   .          Rampage  .   t - +0 pair of gloves
Will    .....                   u - +0 pair of boots
Stlth   +.........              q - amulet of regeneration
HPRegen 0.98/turn               (no ring)
MPRegen 0.12/turn               (no ring)

@: no status effects
A: reduced essence, horns 2, retaliatory headbutt
a: Renounce Religion, Ancestor Life: Knight, Ancestor Life: Battlemage, Ancestor
Life: Hexer, Recall Ancestor, Ancestor Identity


You were on level 5 of the Dungeon.
You worshipped Hepliaklqana.
Hepliaklqana was pleased with you.
You visited 2 branches of the dungeon, and saw 7 of its levels.

You collected 468 gold pieces.

Inventory:

Hand Weapons
 a - a +1 shortbow (weapon)
Missiles
 j - a throwing net
Armour
 c - a +1 leather armour (worn)
 t - a +0 pair of gloves (worn)
 u - a +0 pair of boots (worn)
Jewellery
 h - an amulet of the acrobat
 q - an amulet of regeneration (around neck)
Wands
 n - a wand of paralysis (11)
Scrolls
 b - a scroll of immolation
 e - a scroll of enchant weapon
Potions
 d - 2 potions of ambrosia
 f - a potion of might {unknown}
 g - a potion of mutation
 i - 3 potions of curing
 k - 2 potions of flight
 m - 2 potions of brilliance
 p - a potion of degeneration


   Skills:
 - Level 2.4 Fighting
 + Level 10.5 Ranged Weapons
 - Level 2.1 Dodging
 - Level 0.7 Stealth
 + Level 1.1 Spellcasting
 * Level 2.2 Transmutations
 + Level 4.4 Invocations


You had 7 spell levels left.
You knew the following spells:

 Your Spells              Type           Power      Damage    Failure   Level
a - Wereblood             Tmut           1%         N/A       38%         2

Your spell library contained the following spells:

 Spells                   Type           Power      Damage    Failure   Level
 Foxfire                  Conj/Fire      0%         2x1d4     56%         1
 Sublimation of Blood     Necr           0%         N/A       71%         2
 Conjure Flame            Conj/Fire      0%         6-21      90%         3
 Inner Flame              Hex/Fire       0%         N/A       90%         3
 Flame Wave               Conj/Fire      0%         2d4       100%        4
 Summon Hydra             Summ           0%         N/A       100%        7


Dungeon Overview and Level Annotations

Branches:
Dungeon (6/15)             Temple (1/1) D:6

Altars:
Cheibriados
Dithmenos
Hepliaklqana
Qazlal
Ru
Vehumet
Zin
The Shining One

Portals:
Abyss: D:5

Annotations:
D:4 ArthosElwyn's ghost, amateur TeGl
D:5 2 transporters, Icepheonix32's ghost, novice MiFi


Innate Abilities, Weirdness & Mutations

Your life essence is reduced to manifest your ancestor. (-10% HP)
You have a pair of horns on your head.
You reflexively headbutt those who attack you in melee.


Message History

Fire: a) +1 shortbow
Press: ? - help, Q - select action, (/) - cycle Shift-Dir - straight line, f/p - orc warrior
Aim: an orc warrior, wielding a +0 trident and wearing a +0 chain mail (almost dead, 63% to hit)
You shoot an arrow.
The arrow hits the orc warrior but does no damage.
The orc warrior is almost dead.
The orc warrior hits you but does no damage.
Fire: a) +1 shortbow
Press: ? - help, Q - select action, (/) - cycle Shift-Dir - straight line, f/p - orc warrior
Aim: an orc warrior, wielding a +0 trident and wearing a +0 chain mail (almost dead, 63% to hit)
You shoot an arrow.
The arrow barely misses the orc warrior.
The orc warrior hits you from afar with a +0 trident!
* * * LOW HITPOINT WARNING * * *
Fire: a) +1 shortbow
Press: ? - help, Q - select action, (/) - cycle Shift-Dir - straight line, f/p - orc warrior
Aim: an orc warrior, wielding a +0 trident and wearing a +0 chain mail (almost dead, 63% to hit)
You shoot an arrow.
The arrow hits the orc warrior but does no damage.
The orc warrior is almost dead.
The orc warrior hits you from afar with a +0 trident!
* * * LOW HITPOINT WARNING * * *
You feel better.
The orc warrior hits you from afar with a +0 trident!
* * * LOW HITPOINT WARNING * * *
You feel better. The orc warrior misses you.
Fire: a) +1 shortbow
Press: ? - help, Q - select action, (/) - cycle Shift-Dir - straight line, f/p - orc warrior
Aim: an orc warrior, wielding a +0 trident and wearing a +0 chain mail (almost dead, 63% to hit)
You shoot an arrow.
The arrow hits the orc warrior but does no damage.
The orc warrior is almost dead.
The orc warrior barely misses you.
Fire: a) +1 shortbow
Press: ? - help, Q - select action, (/) - cycle Shift-Dir - straight line, f/p - orc warrior
Aim: an orc warrior, wielding a +0 trident and wearing a +0 chain mail (almost dead, 63% to hit)
You shoot an arrow. The arrow hits the orc warrior.
The orc warrior is almost dead.
The orc warrior hits you from afar with a +0 trident!
You die...

############# # #...........# #
#.#########.# # #.##<# #.#
########### #.##.# #.#
#........##
#.##.######.######.....##.##
#.##.#.....@†o..>#.....##.##
#.##.#.####.####..###...#.#.
###....#.# #.#.......###.#.#.
#.....##.# #.#.......###.#.#.
#.#.#.##.####.#o......+...#...
#.#.#.....#...................
##.####.#..#...................
#.......#..#...###....####.....
#######.#..#..##.##..###.####..


You could see an orc warrior.

Vanquished Creatures
  A yak (D:5)
  Menkaure (D:5)
  3 phantoms
  3 scorpions
  A wyvern skeleton (D:4)
  2 hounds (D:5)
  4 iguanas
  An orc wizard (D:3)
  14 adders
  4 worms
  A dart slug (D:1)
  7 orcs
  8 ball pythons
  7 endoplasms
  4 giant cockroaches
  9 goblins
  5 hobgoblins
  6 jackals
  A quokka (D:1)
  8 bats
  3 frilled lizards
  11 kobolds
  12 rats
116 creatures vanquished.

Vanquished Creatures (collateral kills)
  A water moccasin (Temple)
  A scorpion (D:5)
  A water moccasin skeleton (D:4)
  An orc priest (D:4)
  2 hounds (D:5)
  An iguana (Temple)
7 creatures vanquished.

Vanquished Creatures (others)
  7 ancestors
7 creatures vanquished.

Grand Total: 130 creatures vanquished

Notes
Turn   | Place    | Note
-------+----------+-------------------------------------------
     0 | D:1      | groovy9 the Minotaur Hunter began the quest for the Orb.
     0 | D:1      | Reached XP level 1. HP: 18/18 MP: 0/0
   191 | D:1      | Reached XP level 2. HP: 25/25 MP: 1/1
   218 | D:1      | Reached skill level 5 in Ranged Weapons
   392 | D:1      | Reached XP level 3. HP: 20/30 MP: 2/2
   910 | D:2      | Reached skill level 6 in Ranged Weapons
   927 | D:2      | Found a faded altar of an unknown god.
   987 | D:2      | Reached XP level 4. HP: 37/37 MP: 3/3
  1599 | D:3      | Found a hazy altar of Hepliaklqana.
  1604 | D:3      | Became a worshipper of Hepliaklqana the Forgotten
  1848 | D:3      | Found a snail-covered altar of Cheibriados.
  1886 | D:3      | Reached skill level 7 in Ranged Weapons
  1886 | D:3      | Reached XP level 5. HP: 39/42 MP: 4/4
  2190 | D:3      | Found a sacrificial altar of Ru.
  2553 | D:4      | Found a runed translucent gate.
  2553 | D:4      | Found a runed translucent gate.
  2587 | D:4      | Reached * piety under Hepliaklqana
  2588 | D:4      | Noticed a phantom
  2855 | D:4      | Reached skill level 8 in Ranged Weapons
  2855 | D:4      | Reached XP level 6. HP: 45/45 MP: 5/5
  2871 | D:4      | Reached skill level 1 in Invocations
  2978 | D:4      | Found a shadowy altar of Dithmenos.
  3241 | D:4      | Found a runed translucent gate.
  3242 | D:4      | Noticed ArthosElwyn's ghost (amateur TeGl)
  3514 | D:4      | Reached XP level 7. HP: 37/50 MP: 7/7
  3620 | D:5      | Entered Level 5 of the Dungeon
  3628 | D:5      | Reached skill level 9 in Ranged Weapons
  3650 | D:5      | Noticed Menkaure
  3655 | D:5      | Killed Menkaure
  3979 | D:5      | Found a transporter.
  4003 | D:5      | Reached skill level 10 in Ranged Weapons
  4110 | D:5      | Reached XP level 8. HP: 55/55 MP: 9/9
  4173 | D:5      | Learned a level 2 spell: Wereblood
  4212 | D:5      | Found a one-way gate to the infinite horrors of the Abyss.
  4215 | D:5      | Noticed Icepheonix32's ghost (novice MiFi)
  4218 | D:5      | Found a transporter.
  4328 | D:5      | Reached ** piety under Hepliaklqana
  4644 | D:6      | Reached skill level 1 in Transmutations
  4658 | D:6      | Found a staircase to the Ecumenical Temple.
  4746 | Temple   | Entered the Ecumenical Temple
  4964 | D:5      | Reached skill level 1 in Spellcasting
  4983 | D:5      | Slain by an orc warrior

Illustrated notes

Levels and vault maps discovered:
D:1:      ncdulo_lavacross, layout_loops_ring
D:2:      layout_basic, hellmonk_ecumenical_altar_crossroads, glass_columns_a
D:3:      layout_loops_cross, mainiacjoe_overflow_small_starburst,
          worldfamousw_hep_ancestral_shrine, nicolae_ru_sacrificial_ziggurat,
          kennysheep_potato
D:4:      layout_rooms, grunt_dithmenos_smoke_and_mirrors,
          gammafunk_ghost_necromancy
D:5:      layout_basic, gammafunk_ghost_abyssal_escape,
          hangedman_abyss_or_decor_passed, uniq_menkaure
D:6:      layout_cave_pools, general_overflow_altar,
          minmay_temple_entry_sparse_star
Temple:   dpeg_chambers_temple

Skill      XL: |  1  2  3  4  5  6  7  8 |
---------------+-------------------------+-----
Ranged Weapons | 5 6 7 8 10 | 10.5
Invocations    | 2 3 4 |  4.4
Transmutations | 2 |  2.2
Spellcasting   | 1 |  1.1
Fighting       | |  2.4
Dodging        | |  2.1
Stealth        | |  0.7

Action                   |  1- 3 |  4- 6 |  7- 9 || total
-------------------------+-------+-------+-------++-------
 Fire: Shortbow          |   107 |   195 |   153 ||   455
Invok: Recall Ancestor   |       |     1 |     5 ||     6
  Use: Scroll            |       |    10 |     4 ||    14
       Potion            |       |     1 |     8 ||     9
Armor: Leather armour    |    17 |    13 |    24 ||    54
Dodge: Dodged            |    28 |    69 |    74 ||   171
